Map: Triton LE

Players

MCanning - Winner!

  • Race: Protoss Protoss
  • Spawn Location: 5:00

HolyHit

  • Race: Protoss Protoss
  • Spawn Location: 11:00

VOD

Have the link to the VOD?

Description

Time

  • Played on: Sept. 6, 2019, 1:45 p.m.
  • Length: 10:46
Show
View Real Time Build Order
Export as new Build Order

MCanning Protoss - Winner!

Build Orders:  

Get SALT Encoding   

  12  0:00  Probe  
  13  0:12  Probe  
  14  0:17  Pylon  
  14  0:24  Probe  
  15  0:32  Probe  
  15  0:37  Gateway  
  15  0:40  Probe  
  16  0:46  Assimilator  
  17  0:51  Probe  
  17  0:55  Assimilator  
  18  0:59  Probe  
  19  1:07  Probe  
  19  1:12  Gateway  
  19  1:17  Probe  
  21  1:27  Cybernetics Core  
  21  1:30  Probe  
  22  1:38  Pylon  
  22  1:42  Probe  
  23  1:54  Warp Gate  
  23  1:56  Probe  
  24  2:03  Sentry, Stalker  
  24  2:07  Pylon  
  28  2:13  Probe  
  29  2:21  Pylon  
  29  2:23  Pylon  
  29  2:29  Stalker  
  31  2:34  Stalker  
  33  2:54  Shield Battery  
  33  3:08  Probe  
  33  3:11  Nexus  
  34  3:13  Pylon  
  34  3:17  Shield Battery  
  34  3:20  Probe  
  34  3:30  Shield Battery, Probe  
  35  3:38  Probe  
  35  3:42  Sentry x2  
  35  3:45  Robotics Facility  
  35  3:46  Probe  
  40  3:51  Pylon  
  41  3:58  Probe  
  42  4:11  Probe, Adept x2  
  47  4:23  Probe  
  48  4:26  Probe  
  49  4:33  Observer  
  49  4:35  Probe  
  49  4:37  Stalker  
  49  4:38  Probe  
  50  4:43  Probe  
  48  4:50  Probe  
  48  4:51  Probe  
  48  4:57  Observer, Forge  
  48  4:59  Probe, Stalker  
  52  5:02  Probe  
  54  5:08  Probe  
  55  5:14  Probe  
  55  5:16  Gateway  
  55  5:18  Pylon  
  55  5:20  Probe  
  57  5:22  Adept, Protoss Ground Weapons Level 1  
  57  5:24  Adept  
  57  5:27  Probe  
  62  5:36  Probe  
  62  5:38  Twilight Council  
  63  5:46  Assimilator  
  63  5:48  Probe, Assimilator  
  64  5:53  Immortal  
  68  6:01  Probe  
  68  6:02  Probe  
  64  6:10  Probe, Charge  
  61  6:13  Probe  
  61  6:18  Probe  
  61  6:25  Probe  
  63  6:29  Probe  
  63  6:32  Gateway  
  64  6:33  Probe  
  64  6:35  Gateway  
  64  6:37  Pylon, Probe  
  65  6:41  Probe  
  65  6:44  Pylon  
  65  6:45  Probe  
  67  6:51  Probe  
  67  6:53  Templar Archives  
  69  6:59  Protoss Ground Weapons Level 2  
  69  7:00  Gateway  
  69  7:02  Gateway  
  69  7:11  Immortal  
  73  7:23  Zealot x3  
  73  7:29  Pylon  
  79  7:46  Stalker x2  
  83  7:54  Nexus  
  83  7:56  Pylon  
  79  8:01  Gateway  
  79  8:06  High Templar x3  
  79  8:07  High Templar  
  79  8:11  Archon x2  
  87  8:14  Probe  
  87  8:17  Zealot  
  89  8:23  Zealot  
  89  8:24  Zealot  
  93  8:33  Pylon  
  93  8:38  Warp Prism  
  93  8:40  Probe  
  93  8:41  High Templar x2  
  100  8:42  Probe  
  100  8:46  Archon  
  101  8:49  Pylon  
  101  8:52  Probe  
  101  8:54  Probe  
  103  8:57  High Templar x2  
  107  9:03  Archon  
  107  9:06  Pylon  
  105  9:11  Pylon  
  105  9:17  Shield Battery  
  105  9:18  Zealot  
  105  9:19  Zealot x2  
  111  9:26  High Templar  
  111  9:27  High Templar  
  111  9:31  Archon  
  116  9:32  Zealot x3  
  121  9:39  Shield Battery  
  121  9:41  Immortal  
  125  9:47  Zealot  
  125  9:48  Zealot x2  
  128  9:53  Zealot x2  
  128  9:59  Zealot x2  
  122  10:03  Zealot  
  108  10:09  Zealot  
  108  10:11  Observer  
  96  10:15  Probe  
  101  10:22  Photon Cannon  
  101  10:24  Photon Cannon  
  99  10:34  High Templar x2  
  103  10:36  Zealot x3  
  103  10:38  Archon  
  103  10:39  High Templar x2  
  113  10:43  Archon  
Show
View Real Time Build Order
Export as new Build Order

HolyHit Protoss 

Build Orders: Oracle Opening, Archon Immortal 

Get SALT Encoding   

  12  0:00  Probe  
  13  0:12  Probe  
  14  0:17  Pylon  
  14  0:24  Probe  
  15  0:32  Probe  
  15  0:39  Gateway  
  15  0:40  Probe  
  16  0:48  Assimilator  
  17  0:51  Probe  
  17  0:55  Assimilator  
  18  1:00  Probe  
  19  1:08  Probe  
  19  1:10  Gateway  
  19  1:18  Probe  
  21  1:26  Cybernetics Core  
  21  1:30  Probe  
  22  1:34  Pylon  
  22  1:42  Probe  
  23  1:54  Probe  
  23  2:00  Pylon  
  24  2:02  Adept x2  
  24  2:07  Warp Gate  
  29  2:15  Pylon  
  28  2:27  Stargate  
  27  2:47  Nexus  
  27  2:55  Stalker  
  29  3:00  Oracle  
  29  3:01  Probe  
  33  3:14  Probe  
  34  3:21  Stalker  
  36  3:29  Shield Battery  
  36  3:38  Oracle  
  39  3:49  Probe  
  39  3:55  Robotics Facility  
  40  3:57  Probe  
  40  4:00  Probe  
  42  4:07  Probe  
  42  4:12  Probe  
  44  4:18  Probe  
  44  4:21  Forge  
  44  4:23  Probe, Sentry  
  47  4:30  Probe  
  49  4:31  Probe  
  45  4:40  Probe  
  45  4:41  Oracle  
  45  4:42  Probe  
  46  4:50  Protoss Ground Weapons Level 1  
  45  4:52  Probe  
  45  4:54  Probe  
  45  4:57  Warp Prism  
  47  5:05  Probe  
  47  5:06  Probe  
  51  5:09  Assimilator  
  51  5:17  Probe  
  52  5:23  Assimilator  
  52  5:25  Pylon  
  52  5:28  Immortal, Probe  
  53  5:29  Probe  
  58  5:43  Gateway  
  58  5:45  Twilight Council  
  58  5:48  Shield Battery, Pylon  
  58  5:52  Stalker  
  58  5:55  Probe  
  57  6:03  Stalker  
  57  6:06  Probe  
  57  6:07  Immortal  
  57  6:08  Probe  
  55  6:18  Probe  
  58  6:20  Probe  
  60  6:26  Phoenix  
  62  6:34  Probe  
  63  6:40  Gateway, Charge  
  63  6:41  Probe  
  63  6:47  Observer  
  65  6:50  Probe  
  65  6:51  Protoss Ground Weapons Level 2  
  66  6:59  Probe  
  66  7:01  Gateway  
  67  7:02  Gateway  
  67  7:06  Probe  
  68  7:08  Immortal  
  68  7:12  Probe  
  73  7:42  Gateway  
  73  7:44  Gateway  
  73  7:49  Gateway  
  73  7:50  Immortal, Pylon  
  77  8:10  Pylon, Nexus  
  77  8:13  Disruptor  
  77  8:19  Probe x2  
  76  8:35  Probe  
  76  8:36  Immortal  
  76  8:40  Templar Archives  
  81  8:44  Pylon  
  81  8:50  Probe, Sentry  
  81  8:52  Zealot x4  
  81  8:53  Probe  
  93  8:58  Probe  
  93  9:05  Probe  
  93  9:09  Zealot x2  
  99  9:13  Pylon  
  99  9:15  Pylon  
  99  9:18  Observer  
  99  9:22  Probe x2  
  99  9:23  Probe  
  103  9:28  High Templar  
  103  9:29  High Templar x4  
  103  9:30  High Templar  
  115  9:32  Archon  
  115  9:33  Archon  
  115  9:34  Archon  
  115  9:44  Zealot x3  
  96  10:01  Zealot x4  
  63  10:16  Probe  
  63  10:17  Zealot x3  
  63  10:18  Probe  
  63  10:19  Probe  
  58  10:24  Probe, Robotics Bay  
  58  10:26  Probe  
  58  10:29  High Templar x2  
  58  10:30  High Templar  
  58  10:31  High Templar  
  58  10:33  Probe  
  58  10:34  Probe  
  58  10:35  Zealot x2  
  72  10:36  Archon  
  72  10:37  Archon  
  72  10:39  Zealot x3  
Tags
 
Add a new tag
Caveats
  • Supply blocks, unpowered buildings, or Contaminate may cause inaccurate times.
  • Supply counts are checked every 10 seconds.